 Dungeon Crawl Stone Soup version 0.28.0-53-g5a82cb258f (webtiles) character file.

Game seed: 12398809666758475616

33 mcbry74 the Chopper (level 3, -1/31 HPs)
             Began as a Hill Orc Fighter on July 22, 2022.
             Slain by a black bear (3 damage)
             ... on level 2 of the Dungeon.
             The game lasted 00:04:16 (1450 turns).

mcbry74 the Chopper (Hill Orc Fighter)              Turns: 1450, Time: 00:04:17

Health: -1/31      AC:  5    Str: 17 (20) XL:     3   Next: 29%
Magic:  3/3        EV: 10    Int:  7 (8)  God:
Gold:   61         SH:  4    Dex: 12 (14) Spells: 2/2 levels left

rFire   . . .      SeeInvis .   a - +0 war axe
rCold   . . .      Faith    .   c - +0 buckler
rNeg    . . .      Spirit   .   l - +0 troll leather armour
rPois   .          Reflect  .   (no helmet)
rElec   .          Harm     .   (no cloak)
rCorr   .          Rampage  .   (no gloves)
Will    .....                   j - +0 pair of boots
Stlth   ++........              (no amulet)
HPRegen 0.90/turn               (no ring)
MPRegen 0.08/turn               (no ring)

@: mighty, lethally poisoned (-1 -> -1), hasted, very quick
A: thin skeletal structure 1, agile 1, deterioration 1, evolution 1
a: no special abilities


You were on level 2 of the Dungeon.
You visited 1 branch of the dungeon, and saw 2 of its levels.

You collected 61 gold pieces.

Inventory:

Hand Weapons
 a - a +0 war axe (weapon)
Missiles
 g - 59 stones (quivered)
Armour
 b - a +0 scale mail
 c - a +0 buckler (worn)
 f - an orb of wrath
 j - a +0 pair of boots (worn)
 l - a +0 troll leather armour (worn)
Scrolls
 h - a scroll of identify {unknown}
Potions
 e - 2 potions of degeneration


   Skills:
 - Level 3.6 Fighting
 * Level 4.2 Axes
 + Level 3.8 Armour
 - Level 3.2 Shields


You had 2 spell levels left.
You didn't know any spells.
Your spell library was empty.

Dungeon Overview and Level Annotations

Branches:
Dungeon (2/15)

Altars:

Annotations:
D:2 Terence


Innate Abilities, Weirdness & Mutations

You have a somewhat thin skeletal structure. (Dex +2, Stealth+)
You are agile. (Dex +2)
Your body sometimes deteriorates upon taking damage.
You have hidden genetic potential.


Message History

The black bear claws you.
Terence the Incautious comes into view.
He is wielding a +0 mace and quivering poisoned darts.
A hobgoblin comes into view.
You hit the black bear.
The black bear is moderately wounded.
The black bear bites you. The black bear claws you.
* * * LOW HITPOINT WARNING * * *
The black bear closely misses you.
Terence throws a poisoned dart.
The poisoned dart closely misses you.
You closely miss the black bear.
The black bear is moderately wounded.
The black bear bites you but does no damage.
The black bear claws you but does no damage.
The black bear completely misses you.
Terence throws a poisoned dart.
The poisoned dart hits you!
You are poisoned.
The black bear bites you.
* * * LOW HITPOINT WARNING * * *
The black bear closely misses you. The black bear claws you.
* * * LOW HITPOINT WARNING * * *
You feel sick.
It was a potion of degeneration.
There was something very wrong with that liquid.
You feel weakened.
You feel dopey.
You feel clumsy.
You feel sick.
It was a potion of mutation.
You feel extremely strange.
You feel yourself wasting away.
Your bones become slightly less dense.
You feel agile.
You feel a hidden potential growing inside you.
You feel sick. You block the black bear's attack.
The black bear claws you but does no damage. x2
It was a potion of haste.
You feel yourself speed up.
You feel sick. You block the black bear's attack. The black bear claws you.
* * * LOW HITPOINT WARNING * * *
The black bear closely misses you.
You feel very mighty all of a sudden.
You feel sick. You block the black bear's attack.
The black bear claws you but does no damage.
The black bear claws you.
You die...

. ##... .@.
#.... ..
#.#g#..
#.#.#.
#.#.. #.#.#
# #@#.##(#
#.h†<((#
###.#.....#
#.#.###.#
#.#.# #.#.#
#.#.# #....
#####


You could see a black bear.

Vanquished Creatures
  2 dart slugs (D:1)
  A ball python (D:1)
  4 endoplasms (D:1)
  3 giant cockroaches (D:1)
  4 goblins (D:1)
  A hobgoblin (D:2)
  3 jackals (D:1)
  A quokka (D:1)
  2 bats (D:1)
  A frilled lizard (D:1)
  A kobold (D:1)
  2 rats (D:1)
25 creatures vanquished.

Notes
Turn   | Place    | Note
-------+----------+-------------------------------------------
     0 | D:1      | mcbry74 the Hill Orc Fighter began the quest for the Orb.
     0 | D:1      | Reached XP level 1. HP: 19/19 MP: 1/1
   160 | D:1      | Reached skill level 3 in Axes
   285 | D:1      | Reached XP level 2. HP: 20/26 MP: 2/2
   981 | D:1      | Reached skill level 4 in Axes
  1039 | D:1      | Reached XP level 3. HP: 31/31 MP: 3/3
  1148 | D:1      | Found a faded altar of an unknown god.
  1436 | D:2      | Noticed a black bear
  1443 | D:2      | Noticed Terence
  1448 | D:2      | Gained mutation: Your body sometimes deteriorates upon
                  | taking damage. [potion of mutation]
  1448 | D:2      | Gained mutation: You have a somewhat thin skeletal
                  | structure. (Dex +2, Stealth+) [potion of mutation]
  1448 | D:2      | Gained mutation: You are agile. (Dex +2) [potion of
                  | mutation]
  1448 | D:2      | Gained mutation: You have hidden genetic potential. [potion
                  | of mutation]
  1450 | D:2      | Slain by a black bear

Illustrated notes

Levels and vault maps discovered:
D:1:      dpeg_arrival_prison, layout_loops_ring, ebering_ecumenical_altar_box,
          hangedman_feature_mirror, chequers_serial_rivers_small_a
D:2:      layout_loops_cross, uniq_robin, uniq_terence

Skill      XL: |  1  2 |
---------------+-------+-----
Axes           | 3 4 |  4.2
Fighting       | |  3.6
Armour         | |  3.8
Shields        | |  3.2

Action                   || total
-------------------------++-------
Melee: War axe           ||    85
Throw: Stone             ||     3
  Use: Potion            ||     4
 Stab: Sleeping          ||     1
Armor: Scale mail        ||    23
       Troll leather arm ||    20
Dodge: Dodged            ||    54
Block: Buckler           ||    25
